Map: Orbital Shipyard

Players

AcerBly (Bly)

  • Race: Zerg Zerg
  • League: Grandmaster

Serral - Winner!

  • Race: Zerg Zerg
  • League: Grandmaster

Event: NationWars III

VOD

Have the link to the VOD?

Description

Time

  • Played on: Jan. 2, 2016, 3:05 p.m.
  • Length: 7:09

All games in this series

Show
View Real Time Build Order
Export as new Build Order

AcerBly Zerg 

Build Orders: Pool First 

Get SALT Encoding   

  12  0:01  Drone  
  13  0:10  Drone  
  13  0:13  Extractor  
  13  0:28  Spawning Pool  
  13  0:33  Drone  
  13  0:36  Drone  
  14  0:45  Drone, Extractor  
  15  0:54  Overlord  
  15  1:15  Metabolic Boost, Queen  
  17  1:19  Zergling x2  
  17  1:22  Zergling x2  
  19  1:27  Zergling x2  
  20  1:37  Baneling Nest  
  20  1:39  Zergling x2  
  20  1:44  Zergling x2  
  21  1:53  Overlord  
  21  2:03  Zergling x2  
  22  2:14  Zergling x2  
  23  2:24  Zergling x2  
  23  2:25  Zergling x4  
  26  2:35  Zergling x2  
  27  2:46  Zergling x2  
  27  3:00  Zergling x4  
  27  3:01  Zergling x2  
  27  3:08  Zergling x4  
  26  3:26  Zergling x2  
  26  3:32  Drone  
  26  3:42  Drone  
  27  3:54  Baneling  
  27  3:55  Drone x3  
  30  3:57  Hatchery  
  30  4:02  Baneling x2  
  29  4:03  Baneling x2  
  29  4:23  Queen  
  28  4:25  Drone  
  28  4:30  Overlord  
  29  4:35  Drone x3  
  27  4:48  Zergling x2  
  27  4:57  Zergling x4  
  27  4:58  Queen, Zergling x2  
  32  5:01  Zergling x2  
  32  5:06  Baneling x2  
  33  5:10  Zergling x4  
  35  5:18  Queen  
  32  5:27  Zergling x4  
  31  5:33  Zergling x2  
  31  5:34  Zergling x6  
  23  5:45  Zergling x4  
  25  5:51  Zergling x2  
  24  6:00  Zergling x4  
  25  6:15  Baneling x4  
  25  6:16  Baneling x2  
  23  6:26  Baneling  
  23  6:27  Zergling x2, Baneling  
  21  6:50  Zergling x6  
  21  6:51  Zergling x4  
Show
View Real Time Build Order
Export as new Build Order

Serral Zerg - Winner!

Build Orders: Pool First, Zergling Baneling 

Get SALT Encoding   

  12  0:00  Drone  
  13  0:12  Overlord  
  13  0:17  Drone  
  14  0:31  Drone x2  
  14  0:34  Drone  
  17  0:39  Extractor  
  16  0:45  Drone  
  17  0:50  Spawning Pool  
  17  0:56  Drone  
  17  1:06  Drone  
  18  1:17  Drone  
  19  1:26  Hatchery  
  18  1:36  Queen  
  20  1:40  Metabolic Boost  
  20  1:46  Overlord  
  20  1:51  Drone  
  21  1:59  Baneling Nest  
  21  2:00  Zergling x2  
  21  2:04  Zergling x2  
  22  2:11  Zergling x2  
  23  2:17  Queen  
  23  2:21  Zergling x2  
  26  2:32  Overlord  
  26  2:39  Spine Crawler, Zergling x2  
  26  2:43  Baneling x2  
  26  2:46  Zergling x2  
  26  2:55  Zergling x2  
  26  2:56  Zergling x2  
  26  3:05  Baneling  
  25  3:08  Zergling x6  
  28  3:24  Drone x3  
  31  3:31  Drone x2  
  31  3:32  Drone  
  34  3:43  Drone  
  34  3:44  Drone, Overlord  
  34  3:48  Baneling  
  36  3:51  Drone, Baneling  
  36  3:52  Drone  
  36  3:55  Drone  
  39  4:00  Zergling x4  
  40  4:20  Zergling x8  
  40  4:22  Baneling x3  
  40  4:25  Zergling x6  
  43  4:34  Queen  
  43  4:35  Queen  
  43  4:38  Zergling x4  
  47  4:43  Drone x2  
  50  4:45  Drone  
  50  4:47  Drone  
  50  4:50  Overlord  
  51  5:00  Baneling x2  
  51  5:06  Hatchery  
  50  5:09  Baneling x2  
  50  5:11  Drone  
  51  5:17  Drone x3  
  51  5:19  Drone x2  
  55  5:26  Drone  
  55  5:27  Drone  
  55  5:32  Drone  
  55  5:33  Drone  
  55  5:41  Extractor  
  55  5:42  Roach Warren, Extractor  
  49  5:43  Evolution Chamber  
  49  5:44  Zergling x4  
  50  5:51  Zergling x2  
  49  5:59  Zergling x8  
  49  6:02  Overlord  
  49  6:04  Baneling x4  
  52  6:11  Drone x3  
  55  6:25  Roach  
  55  6:26  Roach x3  
  61  6:34  Roach x3  
  61  6:35  Zergling x2  
  61  6:36  Zergling x6  
  73  6:47  Roach  
  73  6:48  Overlord x2  
Tags
 
Add a new tag
Caveats
  • Supply blocks, unpowered buildings, or Contaminate may cause inaccurate times.
  • Supply counts are checked every 10 seconds.